 Dungeon Crawl Stone Soup version 0.26.1-11-gd32895ea62 (webtiles) character file.

Game seed: 3649121440493858153

16093 DearestLeader the Destroyer (level 12, -2/101 HPs)
             Began as a Red Draconian Conjurer on July 13, 2021.
             Was a Priest of Vehumet.
             Slain by an eight-headed hydra (3 damage)
             ... on level 2 of the Lair of Beasts on July 14, 2021.
             The game lasted 00:39:57 (14538 turns).

DearestLeader the Destroyer (DrCj)                 Turns: 14538, Time: 00:39:57

Health: -2/101     AC: 11    Str: 10    XL:     12   Next: 7%
Magic:  12/19      EV: 15    Int: 23    God:    Vehumet [***...]
Gold:   642        SH:  5    Dex: 12    Spells: 10/21 levels left

rFire    + . .     SeeInvis .   a - +1 whip (flame)
rCold    . . .     Faith    .   C - +0 buckler
rNeg     . . .     Spirit   .   (armour unavailable)
rPois    .         Reflect  .   T - +1 hat {Will+}
rElec    +         Harm     .   K - +1 cloak of Loss {+Inv rElec Dex-4 Slay+5}
rCorr    +         Rampage  .   (no gloves)
Will     +....                  (no boots)
Stlth    ++........             y - amulet of the acrobat
HPRegen  0.26/turn              o - +6 ring of dexterity
MPRegen  0.16/turn              D - ring of resist corrosion

@: about to teleport
A: breathe fire, unfitting armour, fire resistance 1, cold-blooded, AC +8
a: Breathe Fire, Renounce Religion, Evoke Invisibility


You were on level 2 of the Lair of Beasts.
You worshipped Vehumet.
Vehumet was most pleased with you.
You visited 3 branches of the dungeon, and saw 12 of its levels.

You collected 712 gold pieces.
You spent 70 gold pieces at shops.

Inventory:

Hand Weapons
 a - a +1 whip of flaming (weapon)
 J - a cursed +3 scimitar of freezing
 M - a +0 dagger of holy wrath
 O - a +0 hunting sling
 U - the +9 long sword "Buustusue" {vorpal, +Blink Int+4}
   (You found it on level 1 of the Lair of Beasts)

   It inflicts extra damage upon your enemies.
   It affects your intelligence (+4).
   It lets you blink.
Missiles
 l - 97 sling bullets
 u - 3 javelins (quivered)
Armour
 x - a +1 cloak of preservation
 C - a +0 buckler (worn)
 I - a +2 kite shield
 K - the +1 cloak of Loss (worn) {+Inv rElec Dex-4 Slay+5}
   (You found it on level 7 of the Dungeon)

   It affects your dexterity (-4).
   It affects your accuracy and damage with ranged weapons and melee attacks
   (+5).
   It insulates you from electricity.
   It lets you turn invisible.
 T - a +1 hat of willpower (worn)
Jewellery
 o - a +6 ring of dexterity (left hand)
 y - an amulet of the acrobat (around neck)
 D - a ring of resist corrosion (right hand)
 W - a +6 ring of dexterity
Wands
 f - a wand of random effects (33)
 r - a wand of polymorph (3)
 G - a wand of iceblast (9)
 L - a wand of digging (6)
 R - a wand of acid (10)
Scrolls
 b - 3 scrolls of enchant armour
 d - 4 scrolls of fog
 e - 3 scrolls of magic mapping
 g - a scroll of fear {unknown}
 h - 3 scrolls of enchant weapon
 j - 7 scrolls of teleportation
 k - 3 scrolls of remove curse
 m - 3 scrolls of blinking {unknown}
 p - 3 scrolls of amnesia
 F - 2 scrolls of immolation {unknown}
 H - a scroll of random uselessness {unknown}
Potions
 c - 2 potions of might
 i - 2 potions of flight {unknown}
 n - 3 potions of mutation
 q - a potion of haste
 s - 2 potions of attraction
 t - 4 potions of curing
 v - 2 potions of magic
 w - a potion of lignification {unknown}
 z - a potion of cancellation {unknown}
 A - a potion of resistance
 B - a potion of brilliance {unknown}
 E - 2 potions of degeneration {unknown}
 S - 2 potions of berserk rage {unknown}
Miscellaneous
 N - a box of beasts


   Skills:
 - Level 8.0 Fighting
 * Level 3.8 Long Blades
 - Level 6.0 Dodging
 - Level 1.7 Stealth
 - Level 4.0 Shields
 - Level 5.0 Spellcasting
 + Level 14.1 Conjurations
 - Level 5.0 Hexes
 - Level 3.1 Necromancy


You had 10 spell levels left.
You knew the following spells:

 Your Spells              Type           Power        Failure   Level
a - Magic Dart            Conj           100%         1%          1
b - Searing Ray           Conj           100%         1%          2
c - Fulminant Prism       Conj/Hex       24%          1%          4
d - Dazzling Flash        Conj/Hex       98%          1%          3
e - Animate Skeleton      Necr           40%          2%          1

Your spell library contained the following spells:

 Spells                   Type           Power        Failure   Level
 Conjure Flame            Conj/Fire      38%          1%          3
 Iskenderun's Mystic Bla  Conj/Tloc      38%          1%          4
 Pain                     Necr           80%          2%          1
 Vampiric Draining        Necr           10%          8%          3
 Animate Dead             Necr           10%          26%         4
 Agony                    Necr           20%          58%         5


Dungeon Overview and Level Annotations

Branches:
Dungeon (9/15)             Temple (1/1) D:6            Lair (2/6) D:9
  Swamp: Lair:2-4    Shoals: Lair:2-4     Snake: Lair:2-4    Spider: Lair:2-4
    Orc: D:9-12

Altars:
Ashenzari
Cheibriados
Dithmenos
Elyvilon
Fedhas
Gozag
Hepliaklqana
Kikubaaqudgha
Makhleb
Nemelex Xobeh
Okawaru
Qazlal
Ru
Sif Muna
Trog
Uskayaw
Vehumet
Wu Jian
Xom
Yredelemnul
Zin
The Shining One

Shops:
D:5 *   D:7 !

Annotations:
D:8 3 runed translucent doors
D:9 3 runed translucent doors, DildoBatman's ghost, journeyman FoCj


Innate Abilities, Weirdness & Mutations

You can breathe blasts of fire.
Your fiery red scales are hard. (AC +8)
You cannot fit into any form of body armour.
Your flesh is heat resistant. (rF+)
You are cold-blooded and may be slowed by cold attacks.


Message History

The eight-headed hydra completely misses you.
The eight-headed hydra bites you! The eight-headed hydra misses you.
The eight-headed hydra barely misses you.
The eight-headed hydra bites you!
* * * LOW HITPOINT WARNING * * *
The eight-headed hydra closely misses you.
The eight-headed hydra misses you.
The eight-headed hydra closely misses you.
As you read the scroll of teleportation, it crumbles to dust.
You feel strangely unstable.
The eight-headed hydra closely misses you.
The eight-headed hydra bites you!
* * * LOW HITPOINT WARNING * * *
The eight-headed hydra bites you.
* * * LOW HITPOINT WARNING * * *
The eight-headed hydra bites you!
* * * LOW HITPOINT WARNING * * *
You block the eight-headed hydra's attack.
The eight-headed hydra misses you. The eight-headed hydra bites you.
You die...

#..........# ###...F.
##......(.## ##..§†...
#....°....## ##....#...
#...........# #.........
#P...........# #.........
##..........## ##F........
..........#######†.........
........D##..##..........#
.........@.............P##
.......................##
...........<.........###
.....................#
.................##.##
...............## ##
...............#
............#### .......#P#


You could see an eight-headed hydra.

Vanquished Creatures
  Gastronok (Lair:1)
  2 hydras (Lair:1)
  Erica (Lair:1)
  4 two-headed ogres
  Pikel (D:6)
  Joseph (Lair:1)
  A cane toad (Lair:1)
  A black mamba (Lair:1)
  A cane toad (shapeshifter) (D:8)
  A rime drake (Lair:2)
  2 komodo dragons (Lair:1)
  A hornet (Lair:2)
  2 trolls (D:9)
  5 blink frogs (Lair:2)
  12 yaks (Lair:1)
  A wyvern (D:8)
  Menkaure (D:6)
  3 water moccasins (Lair:2)
  An ice beast (D:9)
  2 phantoms
  3 ogres
  2 wolves (Lair:2)
  2 centaurs
  A lemure (D:6)
  A big kobold (D:9)
  4 bullfrogs
  A wyvern zombie (D:9)
  4 scorpions
  2 electric eels
  5 wights (D:9)
  13 hounds
  3 jellies (D:7)
  A bullfrog zombie (D:9)
  Crazy Yiuf (D:6)
  A quasit (D:5)
  8 orc priests
  A centaur skeleton (D:4)
  Terence (D:2)
  2 iguanas
  5 worker ants
  13 orc wizards
  A gnoll (D:2)
  10 adders
  3 shadow imps
  2 ufetubi (D:5)
  An ooze (D:7)
  2 adder skeletons
  5 worms
  4 dart slugs
  3 leopard geckos
  27 orcs
  5 giant cockroaches
  8 goblins
  11 hobgoblins
  12 jackals
  16 kobolds
  5 quokkas
  2 ball pythons
  9 bats
  5 frilled lizards
  A leopard gecko skeleton (D:4)
  2 quokka skeletons (D:4)
  A quokka zombie (D:9)
  7 rats
260 creatures vanquished.

Vanquished Creatures (collateral kills)
  4 yaks (Lair:1)
4 creatures vanquished.

Vanquished Creatures (others)
  9 fulminant prisms
  3 fungi
  27 plants
39 creatures vanquished.

Grand Total: 303 creatures vanquished

Notes
Turn   | Place    | Note
-------+----------+-------------------------------------------
     0 | D:1      | DearestLeader the Draconian Conjurer began the quest for
                  | the Orb.
     0 | D:1      | Reached XP level 1. HP: 14/14 MP: 3/3
   420 | D:1      | Reached XP level 2. HP: 20/20 MP: 0/5
  1371 | D:1      | Reached skill level 5 in Conjurations
  1375 | D:1      | Reached XP level 3. HP: 12/26 MP: 0/6
  1378 | D:1      | Learned a level 2 spell: Searing Ray
  1802 | D:2      | Reached XP level 4. HP: 33/33 MP: 2/7
  2003 | D:2      | Reached skill level 6 in Conjurations
  2193 | D:2      | Found a stormy altar of Qazlal.
  2398 | D:2      | Noticed Terence
  2463 | D:2      | Killed Terence
  2464 | D:2      | Reached XP level 5. HP: 38/38 MP: 1/8
  2919 | D:2      | Learned a level 4 spell: Fulminant Prism
  3532 | D:3      | Found a hide-covered altar of Uskayaw.
  3532 | D:3      | Found an iron altar of Okawaru.
  3532 | D:3      | Found a shimmering altar of Xom.
  4409 | D:4      | Reached skill level 7 in Conjurations
  4483 | D:4      | Reached XP level 6. HP: 40/45 MP: 9/9
  4914 | D:4      | Reached skill level 1 in Hexes
  5131 | D:4      | Your scales start taking on a fiery red colour.
  5131 | D:4      | Reached XP level 7. HP: 37/50 MP: 1/10
  5131 | D:4      | Gained mutation: Your flesh is heat resistant. (rF+) [Red
                  | Draconian growth]
  5439 | D:5      | Entered Level 5 of the Dungeon
  6023 | D:5      | Found Fupei's Assorted Antiques.
  6260 | D:5      | Reached skill level 8 in Conjurations
  6978 | D:6      | Found a glowing golden altar of the Shining One.
  7341 | D:6      | Noticed Pikel
  7402 | D:6      | Killed Pikel
  7403 | D:6      | Reached skill level 9 in Conjurations
  7403 | D:6      | Reached XP level 8. HP: 50/57 MP: 5/11
  7779 | D:6      | Noticed Menkaure
  7788 | D:6      | Killed Menkaure
  7789 | D:6      | Reached skill level 10 in Conjurations
  7972 | D:6      | Found a staircase to the Ecumenical Temple.
  8014 | Temple   | Entered the Ecumenical Temple
  8136 | Temple   | Became a worshipper of Vehumet
  8330 | D:6      | Found a runed translucent door.
  8331 | D:6      | Noticed Crazy Yiuf
  8337 | D:6      | Killed Crazy Yiuf
  8512 | D:7      | Found a shimmering blue altar of Sif Muna.
  8513 | D:7      | Found a blossoming altar of Fedhas.
  8519 | D:7      | Found a bloodstained altar of Trog.
  8591 | D:7      | Reached skill level 1 in Fighting
  8626 | D:7      | Got a heavily runed cloak
  8627 | D:7      | Identified the +1 cloak of Loss {+Inv rElec Dex-4 Slay+5}
                  | (You found it on level 7 of the Dungeon)
  8840 | D:7      | Found Eclic's Distillery.
  8847 | D:7      | Bought a potion of heal wounds for 70 gold pieces
  9103 | D:7      | Reached XP level 9. HP: 62/67 MP: 12/12
  9351 | D:8      | Noticed a two-headed ogre
  9357 | D:8      | Killed a two-headed ogre
  9358 | D:8      | Reached skill level 11 in Conjurations
  9460 | D:8      | Reached * piety under Vehumet
  9460 | D:8      | Offered knowledge of Shock by Vehumet.
  9465 | D:8      | Noticed a cane toad
  9465 | D:8      | a shapeshifter changed into a cane toad
  9473 | D:8      | Killed a cane toad
  9644 | D:8      | Found a runed translucent gate.
  9644 | D:8      | Found a runed translucent gate.
  9644 | D:8      | Found a runed translucent gate.
  9767 | D:8      | Noticed a two-headed ogre
  9788 | D:8      | Killed a two-headed ogre
  9789 | D:8      | Reached XP level 10. HP: 79/80 MP: 11/16
  9925 | D:8      | Noticed a two-headed ogre
  9933 | D:8      | Killed a two-headed ogre
  9934 | D:8      | Reached skill level 12 in Conjurations
  9934 | D:8      | Reached skill level 5 in Hexes
  9938 | D:8      | Learned a level 3 spell: Dazzling Flash
 10348 | D:8      | Noticed a cyan ugly thing
 10349 | D:8      | Noticed a purple ugly thing
 10349 | D:8      | Noticed a cyan ugly thing
 10350 | D:8      | Noticed a red ugly thing
 10350 | D:8      | Noticed a purple ugly thing
 10551 | D:9      | Reached skill level 5 in Fighting
 10680 | D:9      | Reached skill level 5 in Spellcasting
 10800 | D:9      | Noticed DildoBatman's ghost (journeyman FoCj)
 10807 | D:9      | Found a runed translucent gate.
 10808 | D:9      | Found a runed translucent gate.
 10808 | D:9      | Found a runed translucent gate.
 10836 | D:9      | Reached ** piety under Vehumet
 10836 | D:9      | Offered knowledge of Sandblast by Vehumet.
 10869 | D:9      | Reached skill level 1 in Shields
 11077 | D:9      | Noticed a two-headed ogre
 11090 | D:9      | Found a staircase to the Lair.
 11275 | D:9      | Killed a two-headed ogre
 11491 | D:9      | Found a blossoming altar of Fedhas.
 11494 | D:9      | Learned a level 1 spell: Animate Skeleton
 11779 | Lair:1   | Entered Level 1 of the Lair of Beasts
 11779 | Lair:1   | Found a shimmering altar of Xom.
 11958 | Lair:1   | Reached skill level 1 in Necromancy
 11958 | Lair:1   | Offered knowledge of Conjure Flame by Vehumet.
 11959 | Lair:1   | Reached XP level 11. HP: 89/89 MP: 10/18
 11966 | Lair:1   | Reached skill level 13 in Conjurations
 12057 | Lair:1   | Noticed Joseph
 12065 | Lair:1   | Killed Joseph
 12066 | Lair:1   | Reached skill level 5 in Dodging
 12146 | Lair:1   | Noticed a six-headed hydra
 12160 | Lair:1   | Killed a six-headed hydra
 12487 | Lair:1   | Noticed Erica
 12497 | Lair:1   | Killed Erica
 12688 | Lair:1   | Reached *** piety under Vehumet
 13031 | Lair:1   | Noticed Gastronok
 13048 | Lair:1   | Killed Gastronok
 13593 | Lair:1   | Got a slimy long sword
 13593 | Lair:1   | Identified the +9 long sword "Buustusue" {vorpal, +Blink
                  | Int+4} (You found it on level 1 of the Lair of Beasts)
 13658 | Lair:1   | Reached skill level 1 in Long Blades
 13715 | Lair:1   | Noticed an eight-headed hydra
 13722 | Lair:1   | Killed an eight-headed hydra
 13723 | Lair:1   | Reached skill level 14 in Conjurations
 13895 | Lair:1   | You fall into a shaft and drop 1 floor!
 14471 | Lair:2   | Reached XP level 12. HP: 56/101 MP: 3/19
 14528 | Lair:2   | Noticed an eight-headed hydra
 14538 | Lair:2   | HP: 1/101 [eight-headed hydra (8)]
 14538 | Lair:2   | Slain by an eight-headed hydra

Illustrated notes

Levels and vault maps discovered:
D:1:      dpeg_arrival_tiny_a, layout_rooms
D:2:      layout_basic, grunt_qazlal_sundering, cheibrodos_gnoll_hut,
          uniq_terence
D:3:      layout_loops_cross, gammafunk_temple_overflow_forgotten
D:4:      layout_loops_ring, serial_bayou, serial_bayou_pond_c,
          serial_bayou_pond_c, serial_bayou_ford_a, serial_bayou_pond_d,
          grunt_ministairs_12
D:5:      minmay_chambers_of_fours, layout_loops_corners, serial_shops,
          nicolae_shop_behind_doors, hangedman_decor_slide_cut
D:6:      layout_gridville, temple_doors_e, basic_altar, uniq_pikel,
          uniq_menkaure, uniq_crazy_yiuf_cottage
D:7:      layout_basic, gammafunk_temple_overflow_statue, serial_shops,
          nicolae_shop_crystal, trog_book
D:8:      layout_basic, ploomutoo_gammafunk_ghost_potion_laboratory
D:9:      layout_cave_pools, erik_lair_island, gammafunk_ghost_split, hex_large,
          fedhas_altar_1
Temple:   regret_index_temple_sphere_string
Lair:1:   layout_hall_layers, basic_altar, grunt_megastairs_2,
          infiniplex_staircase_pool, uniq_gastronok, uniq_joseph, uniq_erica
Lair:2:   layout_hall_layers, beast_lair_carwin_10

Skill      XL: |  1  2  3  4  5  6  7  8  9 10 11 12 |
---------------+-------------------------------------+-----
Conjurations   | 5 6 7 9 10 11 12 14 | 14.1
Dodging        | 2 3 4 6 |  6.0
Hexes          | 1 3 4 5 |  5.0
Fighting       | 1 4 5 7 8 |  8.0
Spellcasting   | 4 5 |  5.0
Shields        | 3 4 |  4.0
Necromancy     | 1 3 |  3.1
Long Blades    | 3 |  3.8
Stealth        | |  1.7

Action                   |  1- 3 |  4- 6 |  7- 9 | 10-12 || total
-------------------------+-------+-------+-------+-------++-------
Melee: Hand axe          |    13 |       |     4 |       ||    17
       Dagger            |    36 |    91 |       |       ||   127
       Tailslap          |     1 |    15 |    22 |    12 ||    50
       Long sword        |       |    58 |    82 |    21 ||   161
       Quarterstaff      |       |       |    54 |    84 ||   138
       Whip              |       |       |     9 |    15 ||    24
 Cast: Magic Dart        |    50 |    33 |    22 |    10 ||   115
       Searing Ray       |     2 |    21 |    25 |    44 ||    92
       Fulminant Prism   |       |       |     2 |     7 ||     9
       Animate Skeleton  |       |       |       |    13 ||    13
 Abil: Breathe Fire      |       |       |     8 |    18 ||    26
  Use: Scroll            |       |     4 |     6 |     5 ||    15
       Potion            |       |       |       |     1 ||     1
 Stab: Sleeping          |     1 |     8 |     6 |       ||    15
       Distracted        |       |       |       |     1 ||     1
Armor: Skin              |    19 |    57 |    59 |    60 ||   195
Dodge: Dodged            |    43 |   117 |   204 |   189 ||   553
Block: Buckler           |       |       |       |    28 ||    28
       Rpst.: Long sword |       |    19 |    30 |    11 ||    60
